 Dungeon Crawl Stone Soup version 0.22-a0-480-g991dd4b (webtiles) character file.

57 George the Chopper (level 3, -2/33 HPs)
             Began as a Deep Dwarf Monk on June 16, 2018.
             Shot with an arrow by a centaur (7 damage)
             ... on level 2 of the Dungeon.
             The game lasted 00:01:59 (1071 turns).

George the Chopper (Deep Dwarf Monk)                Turns: 1071, Time: 00:02:00

Health: -2/33      AC:  5    Str: 15    XL:     3   Next: 73%
Magic:  3/3        EV: 12    Int: 10    God:
Gold:   65         SH:  0    Dex: 15    Spells: 2/2 levels left

rFire    . . .     SeeInvis .   a - +0 hand axe
rCold    . . .     Gourm    .   (no shield)
rNeg     . . .     Faith    .   e - +0 ring mail
rPois    .         Spirit   .   (no helmet)
rElec    .         Reflect  .   (no cloak)
rCorr    .         Harm     .   (no gloves)
MR       .....                  (no boots)
Stlth    +.........             (no amulet)
HPRegen  0.00/turn              (no ring)
MPRegen  0.08/turn              (no ring)

@: non-regenerating
A: damage resistance, heal wounds, sense surroundings 1, no regeneration
a: Heal Wounds


You were on level 2 of the Dungeon.
You were not hungry.

You visited 1 branch of the dungeon, and saw 2 of its levels.

You collected 65 gold pieces.

Inventory:

Hand Weapons
 a - a +0 hand axe (weapon)
Armour
 e - a +0 ring mail (worn)
Scrolls
 b - a scroll of teleportation {unknown}
 d - a scroll of blinking {unknown}
 f - 2 scrolls of fog {unknown}
 g - 2 scrolls of magic mapping {unknown}
 k - a scroll of random uselessness {unknown}
 l - 2 scrolls of identify {unknown}
Potions
 i - a potion of brilliance {unknown}
 j - a potion of lignification {unknown}
 m - a potion of mutation {unknown}
Comestibles
 c - 4 rations


   Skills:
 + Level 2.9 Fighting
 * Level 4.6 Axes
 + Level 1.0 Armour
 + Level 3.5 Dodging
 - Level 2.4 Stealth


You had 2 spell levels left.
You didn't know any spells.
Your spell library was empty.

Dungeon Overview and Level Annotations

Branches:
Dungeon (2/15)

Altars:


Innate Abilities, Weirdness & Mutations

You are resistant to damage.
You can heal yourself by infusing magical energy.
You passively map a small area around you.
You do not regenerate.


Message History

You open the door.
There is an open door here.
You now have 65 gold pieces (gained 12).
A centaur comes into view.
A centaur is nearby!
A centaur is nearby!
The centaur shouts!
The centaur wields a shortbow.
The centaur shoots an arrow.
The arrow closely misses you.
It was a potion of curing.
You feel better.
The centaur shoots an arrow.
The arrow hits you!
* * * LOW HITPOINT WARNING * * *
The centaur shoots an arrow.
The arrow closely misses you.
The centaur shoots an arrow.
The arrow hits you but does no damage.
You see here an arrow.
The centaur shoots an arrow.
The arrow hits you.
* * * LOW HITPOINT WARNING * * *
You see here an arrow.
The centaur shoots an arrow.
The arrow hits you!
You die...

#.# #... ..# #.# #.#
#.####.# #.#
##.#####.# #.# #.#
#......#.# #.# #.#
## ######.#.#
#.######.###. #.#c#
##..........'. #.#.#
#)........###. #.#.#
#.........# #. #.#@#
#.........# #. #.#(#
#.........# #.
#.#(###.........# #.
#.#(##..........# #.
#.#(##..........# #.
#.#.##.......<..# ##
#.#.##..........#
#.#.##..........# ##
#.#.##..........#*..


You could see a centaur.

Vanquished Creatures
  2 adders (D:2)
  A worm (D:2)
  A dart slug (D:1)
  3 giant cockroaches
  5 goblins
  2 hobgoblins
  4 jackals (D:1)
  A bat (D:1)
  A frilled lizard (D:2)
  9 kobolds
  3 rats (D:1)
32 creatures vanquished.

Notes
Turn   | Place    | Note
-------+----------+-------------------------------------------
     0 | D:1      | George the Deep Dwarf Monk began the quest for the Orb.
     0 | D:1      | Reached XP level 1. HP: 20/20 MP: 1/1
   204 | D:1      | Reached skill level 4 in Axes
   204 | D:1      | Reached XP level 2. HP: 21/27 MP: 2/2
   830 | D:2      | Reached XP level 3. HP: 20/33 MP: 3/3
   923 | D:2      | Reached skill level 1 in Armour
  1066 | D:2      | Noticed a centaur
  1071 | D:2      | Shot with an arrow by a centaur

Vault maps used:
D:1:      grunt_arrival_crossed_arrows, minmay_stone_trees_small,
          roderic_filled_cross, kennysheep_decorative_pillar
D:2:      first_ration

Skill      XL: |  1  2  3 |
---------------+----------+-----
Axes           | 4 |  4.6
Armour         | 1 |  1.0
Fighting       | |  2.9
Dodging        | |  3.5
Stealth        | |  2.4

Action                   || total
-------------------------++-------
Melee: Hand axe          ||   115
  Use: Potion            ||     1
 Stab: Sleeping          ||     3
  Eat: Chunk             ||     1
Armor: Robe              ||     1
       Ring mail         ||    27
Dodge: Dodged            ||    87

Table legend:
 A = Spawn XP
 B = Non-spawn XP
 C = Spawn XP percentage of total XP
 D = Spawn monster count
 E = Non-spawn monster count
 F = Spawn count percentage of total count
 G = Total turns spent on level
                    A         B        C        D         E        F      G
               +---------+---------+-------+---------+---------+-------+---------
         Total |       0 |      82 |   0.0 |       0 |      32 |   0.0 |  1071
               +---------+---------+-------+---------+---------+-------+---------
           D:1 |       0 |      38 |   0.0 |       0 |      22 |   0.0 |   775
           D:2 |       0 |      44 |   0.0 |       0 |      10 |   0.0 |   296
               +---------+---------+-------+---------+---------+-------+---------
